 Dungeon Crawl Stone Soup version 0.26-a0-771-g060e6a62af (console) character file.

Game seed: 588729080833283795

64 jejorda2 the Shield-Bearer (level 4, -2/38 HPs)
             Began as a Ghoul Fighter on Nov 8, 2020.
             Slain by a worm (5 damage)
             ... on level 2 of the Dungeon.
             The game lasted 00:02:23 (1262 turns).

jejorda2 the Shield-Bearer (Ghoul Fighter)          Turns: 1262, Time: 00:02:24

Health: -2/38      AC:  6    Str: 20    XL:     4   Next: 12%
Magic:  3/3        EV:  7    Int:  3    God:
Gold:   43         SH:  9    Dex:  8    Spells: 3/3 levels left

rFire    . . .     SeeInvis .   a - +0 flail
rCold    + . .     Faith    .   c - +0 kite shield
rNeg     + + +     Spirit   .   b - +0 scale mail
rPois    ∞         Reflect  .   (no helmet)
rElec    .         Harm     .   h - scarf {shadows}
rCorr    .         Rampage  .   (no gloves)
MR       .....                  (no boots)
Stlth    ..........             (no amulet)
HPRegen  0.00/turn              (no ring)
MPRegen  0.08/turn              (no ring)

@: no status effects
A: rotting body, claws 1, cold resistance 1, negative energy resistance 3,
inhibited regeneration, torment resistance, unbreathing
a: no special abilities


You were on level 2 of the Dungeon.
You visited 1 branch of the dungeon, and saw 2 of its levels.

You collected 43 gold pieces.

Inventory:

Hand Weapons
 a - a +0 flail (weapon)
Missiles
 g - 20 stones (quivered)
Armour
 b - a +0 scale mail (worn)
 c - a +0 kite shield (worn)
 h - a scarf of shadows (worn)
Scrolls
 f - 2 scrolls of amnesia {unknown}
 i - 2 scrolls of teleportation {unknown}
 k - a scroll of blinking {unknown}
 l - a scroll of noise {unknown}
 n - a scroll of identify {unknown}
Potions
 d - a potion of might
 e - a potion of berserk rage {unknown}
 j - a potion of flight {unknown}
 m - a potion of cancellation {unknown}
 o - a potion of heal wounds {unknown}


   Skills:
 - Level 3.2 Fighting
 + Level 2.6 Maces & Flails
 - Level 2.6 Armour
 * Level 3.9 Shields


You had 3 spell levels left.
You didn't know any spells.
Your spell library was empty.

Dungeon Overview and Level Annotations

Branches:
Dungeon (2/15)

Altars:


Innate Abilities, Weirdness & Mutations

Your body is rotting away.
You thrive by killing the living.
You are immune to poison.
You have sharp fingernails.
Your flesh is cold resistant. (rC+)
You are immune to negative energy. (rN+++)
You do not regenerate when monsters are visible.
You are immune to unholy pain and torment.
You can survive without breathing.


Message History

The kobold completely misses you.
You hit the worm.
The worm is severely wounded.
You block the kobold's attack. The worm bites you!
* * * LOW HITPOINT WARNING * * *
You barely miss the worm.
The worm is severely wounded.
You block the kobold's attack. The worm barely misses you.
The kobold hits you but does no damage.
You hit the worm but do no damage.
The worm is heavily wounded.
The kobold hits you but does no damage. The worm bites you!
* * * LOW HITPOINT WARNING * * *
You hit the worm.
The worm is severely wounded.
The kobold hits you but does no damage.
You hit the worm but do no damage.
The worm is severely wounded.
The kobold hits you but does no damage. The worm bites you.
You die...

# # ##+####### # ##########
#(........ # #........#
#.........
###.######.##########.........
..............................
###.######.#####...)w...####.
# #.# #.# #w######..# # #.#
#.# #@# #........# # #.# #.#
#K# #.##$###.# # ... #.# #.#
... (# .. #. #.##.# .. #.##.
.(. #.## ... #.# #.#


You could see a worm and a kobold.

Vanquished Creatures
  A worker ant (D:2)
  A gnoll (D:1)
  A dart slug (D:1)
  A leopard gecko (D:1)
  A ball python (D:1)
  3 bats
  2 giant cockroaches (D:1)
  3 goblins (D:1)
  3 hobgoblins
  4 kobolds
  A quokka (D:2)
  2 frilled lizards (D:1)
  4 rats
27 creatures vanquished.

Notes
Turn   | Place    | Note
-------+----------+-------------------------------------------
     0 | D:1      | jejorda2 the Ghoul Fighter began the quest for the Orb.
     0 | D:1      | Reached XP level 1. HP: 19/19 MP: 0/0
   197 | D:1      | Reached XP level 2. HP: 26/26 MP: 1/1
   395 | D:1      | Reached XP level 3. HP: 31/31 MP: 2/2
  1067 | D:2      | Reached XP level 4. HP: 33/38 MP: 3/3
  1262 | D:2      | Slain by a worm

Illustrated notes

Levels and vault maps discovered:
D:1:      erik_arrival_triangle_medium, layout_basic
D:2:      layout_basic, marbit_many_paths

Skill      XL: |  1 |
---------------+----+-----
Maces & Flails | 2 |  2.6
Shields        | 3 |  3.9
Fighting       | |  3.2
Armour         | |  2.6

Action                   |  1- 3 |  4- 6 || total
-------------------------+-------+-------++-------
Melee: Flail             |    92 |    29 ||   121
Throw: Stone             |     4 |       ||     4
Armor: Scale mail        |    46 |    10 ||    56
Dodge: Dodged            |    27 |     8 ||    35
Block: Kite shield       |    43 |    13 ||    56

Table legend: (Time is in decaauts)
 A = Elapsed time spent in this place.
 B = Non-inter-level travel time spent in this place.
 C = Inter-level travel time spent in this place.
 D = Time resting spent in this place.
 E = Time spent auto-exploring this place.
 F = Levels seen in this place.
 G = Mean time per level.
                   A        B        C        D        E       F      G
               +--------+--------+--------+--------+--------+-----+--------+
         Total |   1306 |   1297 |      9 |      0 |   1015 |   2 |  653.0 |
       Dungeon |   1306 |   1297 |      9 |      0 |   1015 |   2 |  653.0 |
               +--------+--------+--------+--------+--------+-----+--------+

Top non-repeatable levels by time:
     D:1: 1049 daAuts
     D:2: 257 daAuts
